 Dungeon Crawl Stone Soup version 0.27-a0-931-g5a74e75d8f (webtiles) character file.

Game seed: 55165755440604975

30 Alarkh the Insei (level 3, 28/28 HPs)
             Began as a Demonspawn Gladiator on Apr 10, 2021.
             Got out of the dungeon alive.
             The game lasted 00:00:44 (907 turns).

Alarkh the Insei (Demonspawn Gladiator)              Turns: 907, Time: 00:00:45

Health: 28/28      AC:  5    Str: 14    XL:     3   Next: 3%
Magic:  3/3        EV: 12    Int: 10    God:
Gold:   54         SH:  0    Dex: 14    Spells: 2/2 levels left

rFire    . . .     SeeInvis .     - Unarmed
rCold    . . .     Faith    .   (no shield)
rNeg     . . .     Spirit   .   a - +0 leather armour
rPois    .         Reflect  .   b - +0 helmet
rElec    .         Harm     .   (no cloak)
rCorr    .         Rampage  .   (no gloves)
Will     .....                  (no boots)
Stlth    +.........             (no amulet)
HPRegen  0.09/turn              (no ring)
MPRegen  0.08/turn              (no ring)

@: no status effects
A: sharp scales 1, demonic magic 1
a: no special abilities


You escaped.
You visited 1 branch of the dungeon, and saw 1 of its levels.

You collected 54 gold pieces.

Inventory:

Missiles
 c - 2 throwing nets (quivered)
Armour
 a - a +0 leather armour (worn)
 b - a +0 helmet (worn)
Scrolls
 e - a scroll of teleportation {unknown}
Potions
 d - a potion of might {unknown}


   Skills:
 + Level 2.5 Fighting
 - Level 1.7 Throwing
 - Level 2.6 Dodging
 * Level 3.5 Unarmed Combat


You had 2 spell levels left.
You didn't know any spells.
Your spell library was empty.

Dungeon Overview and Level Annotations

Branches:
Dungeon (1/15)

Altars:


Innate Abilities, Weirdness & Mutations

You are partially covered in razor-sharp scales. (AC +1, Slay +1)
Spells you cast may paralyse adjacent enemies.


Message History

You hit the giant cockroach but do no damage.
The giant cockroach barely misses you. The giant cockroach bites you.
You barely miss the giant cockroach. The giant cockroach misses you.
You hit the giant cockroach but do no damage.
The giant cockroach barely misses you.
You hit the giant cockroach.
The giant cockroach is heavily wounded.
The giant cockroach barely misses you.
You hit the giant cockroach.
You kill the giant cockroach!
You have reached level 3!
Your experience leads to an increase in your attributes!
Increase (S)trength, (I)ntelligence, or (D)exterity?
You feel clever.
Your demonic ancestry asserts itself...
A menacing aura infuses your magic.
A hobgoblin comes into view.
The hobgoblin shouts!
A hobgoblin is nearby!
A hobgoblin is nearby!
You punch the hobgoblin!
You kill the hobgoblin!
No target in view!
No target in view!
No target in view!
No target in view!
No target in view!
No target in view!
No target in view!
e - a scroll labelled KUYJELU ZILOHI You now have 54 gold pieces (gained 11).
Key pressed, stopping explore.
Done exploring.
No target in view!
Done exploring.
Unknown command.
There is a stone staircase leading down here.
There is an open door here.
There is a staircase leading out of the dungeon here.
Are you sure you want to leave the Dungeon?
This will make you lose the game!
You have escaped!

#.#..≈.≈≈≈.≈..#.# #....# #....
...#≈≈≈≈.≈≈≈≈#.### #....# #....
#.#.#..≈.≈..#....####....####....
#.##.#.≈.≈.#.#...................
#.##..##.##.###.......>#......###
#.###......#####'###...##.....###
..###....### #.....#...#.........
......#### #.....#..##...#.#.#.
####..# #..@..#.............
..>##.# #.....#..###..#.#.#.
...##.# #.....#.............
...##.##########+####)###..#.#.#.
..........#...#..#.##..##........
...###........#.##.###.######.###
...##..##.....#.##.###.# #..#
...##.##...##....#...#.# ##.#
...#.......##..........##### #.#


There were no monsters in sight!

Vanquished Creatures
  A gnoll (D:1)
  A dart slug (D:1)
  An endoplasm (D:1)
  2 giant cockroaches (D:1)
  2 goblins (D:1)
  3 hobgoblins (D:1)
  2 quokkas (D:1)
  2 frilled lizards (D:1)
  2 rats (D:1)
16 creatures vanquished.

Notes
Turn   | Place    | Note
-------+----------+-------------------------------------------
     0 | D:1      | Alarkh the Demonspawn Gladiator began the quest for the
                  | Orb.
     0 | D:1      | Reached XP level 1. HP: 16/16 MP: 1/1
     4 | D:1      | Found a faded altar of an unknown god.
   230 | D:1      | Reached skill level 3 in Unarmed Combat
   243 | D:1      | Gained mutation: You are partially covered in razor-sharp
                  | scales. (AC +1, Slay +1) [demonic ancestry]
   243 | D:1      | Reached XP level 2. HP: 6/22 MP: 2/2
   662 | D:1      | Gained mutation: Spells you cast may paralyse adjacent
                  | enemies. [demonic ancestry]
   662 | D:1      | Reached XP level 3. HP: 26/28 MP: 3/3
   907 | D:$      | Got out of the dungeon alive.

Illustrated notes

Levels and vault maps discovered:
D:1:      minmay_arrival_checkered_box, layout_rooms,
          shapermc_ecumenical_altar_starsandcircs, serial_co_window_serial,
          co_window_paths_a, co_window_paths_b, co_window_paths_a,
          co_window_of_opportunity_a, co_window_corner_a, co_window_corner_b,
          co_window_2corner, co_window_corner_b, co_window_broadway_a,
          co_window_of_opportunity_c, co_window_broadway_b,
          co_window_unsneaky_path_e, co_window_paths_e, glass_columns_a,
          glass_columns_b, glass_columns_b, glass_columns_c, glass_columns_c

Skill      XL: |  1 |
---------------+----+-----
Unarmed Combat | 3 |  3.5
Fighting       | |  2.5
Throwing       | |  1.7
Dodging        | |  2.6

Action                   || total
-------------------------++-------
Melee: Unarmed           ||    60
       Punch             ||     2
Throw: Throwing net      ||     3
  Use: Potion            ||     2
 Stab: Held in net/web   ||     1
Armor: Leather armour    ||     9
Dodge: Dodged            ||    29

Table legend: (Time is in decaauts)
 A = Elapsed time spent in this place.
 B = Non-inter-level travel time spent in this place.
 C = Inter-level travel time spent in this place.
 D = Time resting spent in this place.
 E = Time spent auto-exploring this place.
 F = Levels seen in this place.
 G = Mean time per level.
                   A        B        C        D        E       F      G
               +--------+--------+--------+--------+--------+-----+--------+
         Total |    903 |    870 |     33 |      0 |    747 |   1 |  903.0 |
       Dungeon |    903 |    870 |     33 |      0 |    747 |   1 |  903.0 |
               +--------+--------+--------+--------+--------+-----+--------+

Top non-repeatable levels by time:
     D:1: 903 daAuts
